 Dungeon Crawl Stone Soup version 0.30-a0-250-g41c1d76940 (webtiles) character file.

Game seed: 13314152282057675890

209 KennySheep the Trooper (level 5, -2/60 HPs)
             Began as an Ogre Warper on Oct 12, 2022.
             Was an Initiate of Gozag.
             Slain by an ogre
             ... wielding a +0 giant club
              (27 damage)
             ... on level 4 of the Dungeon.
             The game lasted 00:16:22 (3950 turns).

KennySheep the Trooper (Ogre Warper)                Turns: 3950, Time: 00:16:22

Health: -2/60      AC:  3    Str: 17    XL:     5   Next: 87%
Magic:  1/8        EV:  9    Int: 14    God:    Gozag
Gold:   424        SH:  0    Dex:  8    Spells: 0/8 levels left

rFire   . . .      SeeInvis .    a - +0 mace
rCold   . . .      Faith    .    (no shield)
rNeg    . . .      Spirit   .    b - +0 robe
rPois   .          Reflect  .    (helmet restricted)
rElec   .          Harm     .    o - +0 cloak
rCorr   .          Rampage  .    (gloves unavailable)
Will    .....      Clarity  +    (boots unavailable)
Stlth   +.........               (no amulet)
HPRegen 0.30/turn                (no ring)
MPRegen 0.11/turn                (no ring)

@: brilliant, very slightly contaminated
A: large, unfitting armour, tough skin 1, clarity, deformed body, sense
surroundings 1, robust 1
a: Renounce Religion, Potion Petition, Call Merchant, Bribe Branch


You were on level 4 of the Dungeon.
You worshipped Gozag.
Gozag was aware of your devotion.
You visited 1 branch of the dungeon, and saw 4 of its levels.

You collected 457 gold pieces.
You paid 33 gold pieces to Gozag.

Inventory:

Hand Weapons
 a - a +0 mace (weapon)
Missiles
 h - 43 stones (quivered)
 q - 2 boomerangs
Armour
 b - a +0 robe (worn)
 o - a +0 cloak (worn)
Jewellery
 e - a ring of protection from cold
Scrolls
 c - a scroll of blinking
 d - a scroll of enchant weapon {unknown}
 f - a scroll of fog
 i - 2 scrolls of immolation
 j - a scroll of poison {unknown}
 k - a scroll of identify
 m - a scroll of teleportation {unknown}
 p - a scroll of brand weapon {unknown}
Potions
 g - a potion of flight


   Skills:
 + Level 4.4 Fighting
 * Level 4.0 Maces & Flails
 - Level 1.0 Throwing
 - Level 2.1 Dodging
 - Level 2.4 Spellcasting
 + Level 3.6 Translocations


You couldn't memorise any spells.
You knew the following spells:

 Your Spells              Type           Power      Damage    Failure   Level
a - Blink                 Tloc           34%        N/A       8%          2
b - Teleport Other        Tloc           17%        N/A       16%         3
c - Vhi's Electric Charg  Tloc/Air       20%        N/A       32%         3

Your spell library contained the following spells:

 Spells                   Type           Power      Damage    Failure   Level
 Lesser Beckoning         Tloc           34%        N/A       16%         3
 Freeze                   Ice            8%         1d3       22%         1
 Manifold Assault         Tloc           17%        N/A       45%         4
 Frozen Ramparts          Ice            4%         1d1       56%         3
 Hailstorm                Conj/Ice       2%         3d3       56%         3


Dungeon Overview and Level Annotations

Branches:
Dungeon (4/15)
 Temple: D:4-7

Altars:
Gozag
Hepliaklqana
Sif Muna
Trog
Uskayaw


Innate Abilities, Weirdness & Mutations

You are too large for most types of armour.
You have tough skin. (AC +1)
You possess an exceptional clarity of mind.
Armour fits poorly on your strangely shaped body.
You passively map a small area around you.
You are robust. (+10% HP)


Message History

Confirm with . or Enter, or press ? or * to list all spells.
Okay, then.
You hit the ogre.
The ogre is lightly wounded.
The ogre hits you with a +0 giant club!!
You sock the ogre!
The ogre is heavily wounded.
The ogre hits you with a +0 giant club!
Okay, then.
Casting: Blink (safe; 8% risk of failure)
Confirm with . or Enter, or press ? or * to list all spells.
You feel a surge of power!
You blink.
Found 14 gold pieces, 2 curare-tipped darts and a potion of curing.
Casting: Blink (safe; 8% risk of failure)
Confirm with . or Enter, or press ? or * to list all spells.
Aiming: Teleport Other (dangerous; 16% risk of failure)
Press: ? - help, Shift-Dir - straight line, f/p - ogre
Aim: an ogre, wielding a +0 giant club (heavily wounded, chance to affect: 56%)
You feel a surge of power!
You miscast Teleport Other.
You are very lightly contaminated with residual magic.
Nothing appears to happen.
Casting: Teleport Other (dangerous; 16% risk of failure)
Confirm with . or Enter, or press ? or * to list all spells.
Aiming: Teleport Other (dangerous; 16% risk of failure)
Press: ? - help, Shift-Dir - straight line, f/p - ogre
Aim: an ogre, wielding a +0 giant club (heavily wounded, chance to affect: 56%)
You feel a surge of power!
You miscast Teleport Other.
Nothing appears to happen.
Casting: Teleport Other (dangerous; 16% risk of failure)
Confirm with . or Enter, or press ? or * to list all spells.
Aiming: Teleport Other (dangerous; 16% risk of failure)
Press: ? - help, Shift-Dir - straight line, f/p - ogre
Aim: an ogre, wielding a +0 giant club (heavily wounded, chance to affect: 56%)
You feel a surge of power!
The ogre resists with significant effort.
You feel stable enough to blink again. The ogre attacks as you move away!
The ogre hits you with a +0 giant club!!
You die...
Your body crumbles into a pile of gold.

, #.....#.....#####.. ,
##...........#..)... * .
#................#.. ,
..###...............###.
....................# ##
* ..................###
, ....(............##
#.$....O.........#
#.....@......#.....,
#...!.......###.....
#............#, #....
............... ,....
#............... ,
##.#......#..... , *
###..##........ , #..
....##. , ,, ,


You could see an ogre.

Vanquished Creatures
  Jessica (D:3)
  Natasha (thrice) (D:2)
  An adder (D:2)
  A worm (D:2)
  5 orcs
  6 ball pythons
  9 bats
  6 endoplasms
  6 giant cockroaches
  3 goblins
  5 hobgoblins
  10 jackals
  7 quokkas
  5 frilled lizards
  8 kobolds
  10 rats
86 creatures vanquished.

Vanquished Creatures (others)
  5 plants (D:1)
5 creatures vanquished.

Grand Total: 91 creatures vanquished

Notes
Turn   | Place    | Note
-------+----------+-------------------------------------------
     0 | D:1      | KennySheep the Ogre Warper began the quest for the Orb.
     0 | D:1      | Reached XP level 1. HP: 22/22 MP: 3/3
   118 | D:1      | Reached XP level 2. HP: 19/29 MP: 5/5
   453 | D:1      | Reached XP level 3. HP: 9/37 MP: 6/6
  1227 | D:1      | Reached XP level 4. HP: 45/45 MP: 7/7
  1364 | D:2      | Noticed Natasha
  1369 | D:2      | Killed Natasha
  1443 | D:2      | Noticed Natasha
  1457 | D:2      | HP: 1/48 [Natasha (6)]
  1461 | D:2      | Killed Natasha
  1507 | D:2      | Noticed Natasha
  1708 | D:2      | Learned a level 2 spell: Blink
  1719 | D:2      | Reached XP level 5. HP: 35/54 MP: 8/8
  1989 | D:2      | Found an opulent altar of Gozag.
  2068 | D:2      | Became a worshipper of Gozag Ym Sagoz the Greedy
  2252 | D:3      | Found a hide-covered altar of Uskayaw.
  2299 | D:3      | Noticed Jessica
  2312 | D:3      | Killed Jessica
  2391 | D:3      | Learned a level 3 spell: Teleport Other
  2395 | D:3      | Learned a level 3 spell: Vhi's Electric Charge
  2461 | D:3      | Found a bloodstained altar of Trog.
  2561 | D:2      | HP: 2/54 [Natasha (8)]
  2788 | D:2      | Killed Natasha
  3318 | D:3      | Identified the +7 arbalest of Fedhas {elec, rCorr Str+5
                  | Dex-2 SInv}
  3346 | D:3      | Found a shimmering blue altar of Sif Muna.
  3346 | D:3      | Found a hazy altar of Hepliaklqana.
  3676 | D:4      | Noticed an ogre
  3745 | D:4      | Gained mutation: You possess an exceptional clarity of
                  | mind. [potion of mutation]
  3745 | D:4      | Gained mutation: You are robust. (+10% HP) [potion of
                  | mutation]
  3745 | D:4      | Gained mutation: Armour fits poorly on your strangely
                  | shaped body. [potion of mutation]
  3745 | D:4      | Gained mutation: You passively map a small area around you.
                  | [potion of mutation]
  3950 | D:4      | Slain by an ogre

Illustrated notes

Levels and vault maps discovered:
D:1:      scummos_arrival_hexagon, layout_basic, serial_bayou_pond_d,
          serial_bayou_pond_c
D:2:      layout_loops_ring, serial_aquarium, aquarium_bridge_square
          [aquarium_subvault_window, aquarium_subvault_window,
          aquarium_subvault_bridge, aquarium_subvault_bridge],
          aquarium_bridge_square [aquarium_subvault_wall,
          aquarium_subvault_bridge, aquarium_subvault_bridge,
          aquarium_subvault_bridge], aquarium_window_1, aquarium_window_2,
          aquarium_window_fake, aquarium_window_corridor_1, aquarium_view_2d,
          basic_altar, uniq_natasha
D:3:      layout_loops_ring, trog_butcher_becter,
          eat_drink_and_be_merry_uskayaw, gammafunk_temple_overflow_wave,
          uniq_jessica
D:4:      layout_cave_pools

Skill      XL: |  1  2  3  4  5 |
---------------+----------------+-----
Maces & Flails | 2 3 4 |  4.0
Fighting       | 3 4 |  4.4
Translocations | 3 |  3.6
Throwing       | |  1.0
Dodging        | |  2.1
Spellcasting   | |  2.4

Action                   |  1- 3 |  4- 6 || total
-------------------------+-------+-------++-------
Melee: Mace              |   143 |   183 ||   326
       Punch             |     2 |     1 ||     3
Throw: Boomerang         |     1 |     6 ||     7
       Stone             |       |     9 ||     9
 Cast: Blink             |       |     2 ||     2
       Teleport Other    |       |     1 ||     1
  Use: Scroll            |     3 |     1 ||     4
       Potion            |       |     6 ||     6
 Stab: Sleeping          |       |     1 ||     1
Armor: Robe              |    67 |    56 ||   123
Dodge: Dodged            |    95 |    68 ||   163

Table legend: (Time is in decaauts)
 A = Elapsed time spent in this place.
 B = Non-inter-level travel time spent in this place.
 C = Inter-level travel time spent in this place.
 D = Time resting spent in this place.
 E = Time spent auto-exploring this place.
 F = Levels seen in this place.
 G = Mean time per level.
                   A        B        C        D        E       F      G
               +--------+--------+--------+--------+--------+-----+--------+
         Total |   4006 |   3713 |    293 |    728 |   2014 |   4 | 1001.5 |
       Dungeon |   4006 |   3713 |    293 |    728 |   2014 |   4 | 1001.5 |
               +--------+--------+--------+--------+--------+-----+--------+

Top non-repeatable levels by time:
     D:2: 1561 daAuts
     D:1: 1158 daAuts
     D:3: 1147 daAuts
     D:4: 139 daAuts
